 Dungeon Crawl Stone Soup version 0.19-a0-1468-ge013c26 (webtiles) character file.

3251 epen the Martial Artist (level 9, -1/56 HPs)
             Began as a Tengu Monk on Sept 7, 2016.
             Killed by nerve-wracking pain
             ... invoked by an orc priest
              (9 damage)
             ... on level 8 of the Dungeon.
             The game lasted 00:14:31 (9409 turns).

epen the Martial Artist (Tengu Monk)                Turns: 9409, Time: 00:14:32

Health: -1/56      AC:  4    Str: 12    XL:     9   Next: 99%
Magic:  17/17      EV: 18    Int: 12    God:
Gold:   346        SH:  0    Dex: 20    Spells: 0 memorised, 18 levels left

rFire  . . .     SeeInvis .     g - +3 dagger (elec)
rCold  . . .     Gourm    .     a - +0 robe
rNeg   . . .     Faith    .     (no shield)
rPois  +         Spirit   .     (helmet restricted)
rElec  .         Dismiss  .     (no cloak)
rCorr  .         Reflect  .     o - +1 pair of gloves
MR     .....     Harm     .     (boots unavailable)
Stlth  ++........               (no amulet)
                                A - ring of poison resistance
                                u - +1 ring of slaying

@: no status effects
A: beak, horns 1, talons 3, agile 1, MP-powered wands, able to fly 1
a: Fly


You were on level 8 of the Dungeon.
You were hungry.

You visited 2 branches of the dungeon, and saw 9 of its levels.

You collected 346 gold pieces.

Inventory:

Hand Weapons
 g - a +3 dagger of electrocution (weapon)
Missiles
 q - 3 throwing nets (quivered)
Armour
 a - a +0 robe (worn)
 o - a +1 pair of gloves (worn)
Jewellery
 h - an uncursed ring of positive energy
 j - an uncursed ring of resist corrosion
 m - an uncursed ring of fire
 u - a +1 ring of slaying (left hand)
 A - a ring of poison resistance (right hand)
Wands
 n - a wand of hasting (9/9)
 s - a wand of flame (20/48)
Scrolls
 d - a scroll of recharging
 e - 2 scrolls of teleportation
 k - a scroll of enchant armour
 r - a scroll of remove curse
Potions
 c - 2 potions of brilliance
 i - 3 potions of heal wounds {unknown}
 l - a potion of lignification {unknown}
 t - a potion of might
 v - a potion of cancellation {unknown}
Books
 p - a book of Power

   Spells                             Type                      Level
   a - Fulminant Prism                Conjuration/Hexes            4
   b - Iskenderun's Mystic Blast      Conjuration                  4
   c - Venom Bolt                     Conjuration/Poison           5
   d - Bolt of Magma                  Conjuration/Fire/Earth       5
   e - Iron Shot                      Conjuration/Earth            6
   f - Orb of Destruction             Conjuration                  7
   g - Spellforged Servitor           Conjuration/Summoning        7
 w - a book of Death

   Spells                             Type                      Level
   a - Corpse Rot                     Necromancy                   2
   b - Sublimation of Blood           Necromancy                   2
   c - Agony                          Necromancy                   5
   d - Dispel Undead                  Necromancy                   5
   e - Excruciating Wounds            Charms/Necromancy            5
   f - Bolt of Draining               Conjuration/Necromancy       5
Comestibles
 b - 4 bread rations


   Skills:
 + Level 6.7 Fighting
 + Level 7.3 Dodging
 - Level 2.0 Stealth
 * Level 10.3 Unarmed Combat
 + Level 5.3 Spellcasting


You had 18 spell levels left.
You didn't know any spells.

Dungeon Overview and Level Annotations

Branches:
Dungeon (8/15)             Temple (1/1) D:5
   Lair: D:8-11

Altars:
Ashenzari
Dithmenos
Elyvilon
Fedhas
Gozag
Hepliaklqana
Kikubaaqudgha
Makhleb
Nemelex Xobeh
Okawaru
Ru
Sif Muna
Trog
Uskayaw
Vehumet
Yredelemnul
Zin
The Shining One

Shops:
D:4 (   D:6 [

Annotations:
D:5 Pikaro's ghost, novice GrFi
D:7 Pikaro's ghost, journeyman FoFi


Innate Abilities, Weirdness & Mutations

You have a beak for a mouth.
You have claws for feet.
You can fly.
You have a pair of small horns on your head.
You are agile. (Dex +2)
You expend magic power (3 MP) to strengthen your wands.


Message History

You kill the orc!
The orc wizard shouts!
The orc priest shouts!
The orc hits you but does no damage.
You hit the orc.
There is a sudden explosion of sparks!
You kill the orc!
You hit the orc wizard. Your kick misses the orc wizard.
The orc wizard is moderately wounded.
The orc wizard misses you.
You barely miss the orc wizard. You claw the orc wizard.
The orc wizard is heavily wounded.
The orc closely misses you.
The orc wizard casts a spell.
The orc wizard blinks!
The orc priest calls down the wrath of Beogh upon you.
Pain shoots through your body!
* * * LOW HITPOINT WARNING * * *
It was a potion of curing.
You feel better. The orc barely misses you.
The orc priest invokes the aid of Beogh against you.
Pain shoots through your body!
You die...

.........:..#
............#
............#
.........!..###
...............
............##
.............#
.......<)(...#
.......@..o..#
......oo.....#
.............#
.............#
..........!..#
............##
....(.......#
............#


You could see an orc priest, an orc wizard and an orc.

Vanquished Creatures
  A two-headed ogre (D:7)
  3 yaks (D:7)
  3 ice beasts
  2 orc warriors
  A black bear (D:4)
  4 ogres
  4 centaurs
  A giant frog (D:5)
  3 scorpions
  A wight (D:5)
  2 howler monkeys (D:5)
  6 crimson imps
  2 centaur zombies
  A giant frog skeleton (D:5)
  3 hounds
  A jelly (D:7)
  3 orc priests (D:7)
  A centaur skeleton (D:5)
  Terence (D:3)
  An iguana (D:6)
  2 orc wizards
  4 worker ants
  A hound skeleton (D:4)
  2 worker ant zombies (D:5)
  Robin (D:4)
  3 gnolls
  10 adders
  2 shadow imps (D:5)
  An ooze (D:3)
  An adder zombie (D:5)
  2 adder skeletons
  3 worms
  4 dart slugs
  2 giant geckos
  20 orcs
  4 giant cockroaches
  22 goblins
  10 hobgoblins
  13 jackals
  3 quokkas
  2 ball pythons
  7 bats
  7 giant newts
  8 kobolds
  8 rats
186 creatures vanquished.

Notes
Turn   | Place    | Note
-------+----------+-------------------------------------------
     0 | D:1      | epen the Tengu Monk began the quest for the Orb.
     0 | D:1      | Reached XP level 1. HP: 14/14 MP: 2/2
   305 | D:1      | Reached XP level 2. HP: 9/19 MP: 3/3
  1377 | D:2      | Reached XP level 3. HP: 18/23 MP: 4/4
  1629 | D:2      | Reached skill level 4 in Unarmed Combat
  1780 | D:2      | Reached XP level 4. HP: 28/28 MP: 4/6
  2071 | D:2      | Reached skill level 1 in Spellcasting
  2469 | D:3      | Noticed a centaur
  2477 | D:3      | Killed a centaur
  2477 | D:3      | Gained mutation: You can fly. [Tengu growth]
  2477 | D:3      | Reached XP level 5. HP: 11/33 MP: 6/8
  2692 | D:3      | Noticed Terence
  2697 | D:3      | Killed Terence
  2697 | D:3      | Reached skill level 5 in Unarmed Combat
  2899 | D:3      | Reached XP level 6. HP: 14/38 MP: 9/9
  3538 | D:3      | Gained mutation: You expend magic power (3 MP) to strengthen your wands. [potion of mutation]
  3538 | D:3      | Gained mutation: You have a pair of small horns on your head. [potion of mutation]
  3538 | D:3      | Gained mutation: You are agile. (Dex +2) [potion of mutation]
  3697 | D:4      | Noticed Robin
  3722 | D:4      | Killed Robin
  3889 | D:4      | Found Refof's Antique Weapon Boutique.
  4014 | D:4      | Noticed a black bear
  4017 | D:4      | Killed a black bear
  4017 | D:4      | Reached skill level 6 in Unarmed Combat
  4017 | D:4      | Reached XP level 7. HP: 37/44 MP: 11/11
  4696 | D:4      | Reached skill level 5 in Dodging
  5080 | D:5      | Entered Level 5 of the Dungeon
  5088 | D:5      | Noticed Pikaro's ghost (novice GrFi)
  5338 | D:5      | Reached skill level 7 in Unarmed Combat
  5375 | D:5      | Reached XP level 8. HP: 48/48 MP: 13/13
  5376 | D:5      | Found a staircase to the Ecumenical Temple.
  5418 | Temple   | Entered the Ecumenical Temple
  5739 | D:6      | Reached skill level 5 in Fighting
  5983 | D:6      | Found Cicociow's Armour Boutique.
  6394 | D:5      | Reached skill level 8 in Unarmed Combat
  6724 | D:5      | Reached XP level 9. HP: 51/55 MP: 16/16
  7956 | D:7      | Noticed a two-headed ogre
  7967 | D:7      | Killed a two-headed ogre
  7967 | D:7      | Reached skill level 9 in Unarmed Combat
  8557 | D:7      | Reached skill level 5 in Spellcasting
  8731 | D:7      | Noticed Pikaro's ghost (journeyman FoFi)
  9004 | D:6      | Reached skill level 10 in Unarmed Combat
  9408 | D:8      | HP: 2/56 [orc priest/nerve-wracking pain (13)]
  9409 | D:8      | Killed from afar by an orc priest

Vault maps used:
D:1:      dpeg_arrival_water_fire
D:2:      wad_woods_pond
D:3:      uniq_terence
D:4:      serial_shops, nicolae_shop_trees, first_bread, uniq_robin
D:5:      kennysheep_windowed_halls
D:6:      serial_shops, kennysheep_mini_moat, small_statue_intersection
D:8:      nicolae_overflow_hidden_temple
Temple:   dpeg_five_rooms_temple

Skill      XL: |  1  2  3  4  5  6  7  8  9 |
---------------+----------------------------+-----
Unarmed Combat | 4 5 6 7 8 10 | 10.3
Spellcasting   | 1 2 3 4 5 |  5.3
Dodging        | 4 5 6 7 |  7.3
Fighting       | 4 5 6 |  6.7
Stealth        | |  2.0

Action                   |  1- 3 |  4- 6 |  7- 9 || total
-------------------------+-------+-------+-------++-------
Melee: Unarmed           |    24 |       |       ||    24
       Peck              |    11 |    13 |    65 ||    89
       Kick              |    15 |    16 |   101 ||   132
       Dagger            |    49 |   121 |   304 ||   474
       Headbutt          |       |     6 |    71 ||    77
       Punch             |       |       |    10 ||    10
 Abil: Fly               |       |       |     2 ||     2
  Use: Scroll            |       |     7 |     4 ||    11
       Potion            |       |     1 |     1 ||     2
 Stab: Sleeping          |     1 |    11 |     8 ||    20
       Distracted        |       |       |     1 ||     1
  Eat: Chunk             |     3 |     7 |    10 ||    20
       Pizza             |       |       |     1 ||     1
       Meat ration       |       |       |     1 ||     1
Armor: Robe              |     8 |    11 |    40 ||    59
Dodge: Dodged            |    47 |    72 |   216 ||   335
